 Dungeon Crawl Stone Soup version 0.22.1-2-g9c5b331 (webtiles) character file.

26759 nightchill the Brawler (level 13, -13/121 (122) HPs)
             Began as a Ghoul Warper on Nov 27, 2018.
             Was the Champion of Ru.
             Killed from afar by Azrael (50 damage)
             ... with damnation
             ... on level 13 of the Dungeon on Dec 2, 2018.
             The game lasted 01:48:58 (27067 turns).

nightchill the Brawler (Ghoul Warper)              Turns: 27067, Time: 01:48:58

HP:   -13/121 (122) AC: 16    Str: 16    XL:     13   Next: 28%
MP:   7/15          EV:  6    Int: 10    God:    Ru [******]
Gold: 951           SH:  4    Dex:  8    Spells: 8/15 levels left

rFire    + . .     SeeInvis .     - Unarmed
rCold    + + .     Gourm    .   w - +0 buckler {rC+}
rNeg     + + +     Faith    .   M - +1 chain mail {MR+}
rPois    ∞         Spirit   .   e - +2 helmet
rElec    .         Reflect  .   (no cloak)
rCorr    .         Harm     .   (no gloves)
MR       +....                  W - +2 pair of boots {run}
Stlth    ..........             (no amulet)
HPRegen  0.00/turn              g - ring of wizardry
MPRegen  0.14/turn              z - ring of protection from fire

@: exhausted, rotting, drained, quick
A: rotting body, claws 1, carnivore, cold resistance 1, dopey 1, negative energy
resistance 3, inhibited regeneration, torment resistance, unbreathing, hated by
all, inability to train dodging, unskilled 1, inexperienced 1
a: Draw Out Power, Power Leap, Apocalypse, Renounce Religion


You were on level 13 of the Dungeon.
You worshipped Ru.
Ru was exalted by your worship.
You were not hungry.

You visited 3 branches of the dungeon, and saw 19 of its levels.
You also visited: Ice Cave.

You collected 1595 gold pieces.
You spent 644 gold pieces at shops.

Inventory:

Hand Weapons
 b - a +1 blowgun
Missiles
 d - 5 tomahawks of dispersal
 k - 94 poisoned needles
 m - 7 curare-tipped needles
 q - 13 javelins
 F - 15 tomahawks (quivered)
 L - 6 poisoned javelins
 X - 4 needles of sleeping
Armour
 e - a +2 helmet (worn)
 w - a +0 buckler of cold resistance (worn)
 M - a +1 chain mail of magic resistance (worn)
 T - a +2 pair of boots of flying
 W - a +2 pair of boots of running (worn)
Jewellery
 a - an uncursed ring of wizardry
 g - a ring of wizardry (left claw)
 i - a +5 ring of strength {unknown}
 n - a +6 ring of intelligence
 z - a ring of protection from fire (right claw)
 K - an uncursed ring of see invisible
Wands
 r - a wand of digging (13)
 t - a wand of random effects (32)
 D - a wand of clouds (6)
 G - a wand of paralysis (48)
 H - a wand of enslavement (20)
 N - a wand of polymorph (27)
 O - a wand of acid (2)
 Q - a wand of flame (89)
 U - a wand of disintegration (8)
Scrolls
 o - a scroll of magic mapping
 p - 5 scrolls of teleportation
 y - 6 scrolls of fear
 C - 10 scrolls of remove curse
 E - 4 scrolls of amnesia
 I - 2 scrolls of enchant weapon
 J - a scroll of immolation
 R - 2 scrolls of identify
 S - a scroll of enchant armour
Potions
 c - a potion of magic
 h - 2 potions of flight
 j - 2 potions of heal wounds
 l - 13 potions of curing
 s - 3 potions of brilliance
 u - 4 potions of haste
 v - 5 potions of cancellation
 x - 2 potions of agility
 A - 4 potions of might
 B - a potion of resistance
Miscellaneous
 P - a lightning rod (4/4)
 V - a crystal ball of energy
Comestibles
 f - 26 rations


   Skills:
 + Level 13.1(11.6) Fighting
 - Level 0.7(0.0) Throwing
 - Level 4.5(3.3) Armour
 + Level 5.0(3.8) Shields
 + Level 17.0(15.4) Unarmed Combat
 - Level 1.5(0.5) Spellcasting
 - Level 2.4(1.3) Translocations
 - Level 5.0(3.8) Evocations


You had 8 spell levels left.
You knew the following spells:

 Your Spells              Type           Power        Failure   Level  Hunger
a - Blink                 Tloc           N/A          89%         2    ###....
b - Passage of Golubria   Tloc           N/A          100%        4    #####..
c - Apportation           Tloc           #.....       78%         1    ##.....

Your spell library contained the following spells:

 Spells                   Type           Power        Failure   Level  Hunger
 Confusing Touch          Hex            #.....       91%         1    ##.....
 Corona                   Hex            #......      91%         1    ##.....
 Magic Dart               Conj           #...         91%         1    ##.....
 Shroud of Golubria       Chrm/Tloc      #.........   94%         2    ###....
 Ensorcelled Hibernation  Hex/Ice        #.....       97%         2    ###....
 Searing Ray              Conj           #.....       97%         2    ###....
 Slow                     Hex            #.......     97%         2    ###....
 Gell's Gravitas          Tloc           #.........   98%         3    ####...
 Lesser Beckoning         Tloc           #.........   98%         3    ####...
 Teleport Other           Tloc           #.......     98%         3    ####...
 Confuse                  Hex            #.......     99%         3    ####...
 Dazzling Spray           Conj/Hex       #.....       99%         3    ####...
 Inner Flame              Hex/Fire       #.......     99%         3    ####...
 Portal Projectile        Hex/Tloc       #.....       99%         3    ####...
 Tukima's Dance           Hex            #.......     99%         3    ####...
 Vampiric Draining        Necr           #.........   99%         3    ####...
 Cause Fear               Hex            #.........   100%        4    #####..
 Force Lance              Conj/Tloc      #.......     100%        4    #####..
 Fulminant Prism          Conj/Hex       #.........   100%        4    #####..
 Iskenderun's Mystic Bla  Conj           #.......     100%        4    #####..
 Leda's Liquefaction      Hex/Erth       #.........   100%        4    #####..
 Excruciating Wounds      Chrm/Necr      #.........   100%        5    ######.
 Animate Skeleton         Necr           Unusable     N/A         1    N/A
 Summon Small Mammal      Summ           Unusable     N/A         1    N/A
 Call Imp                 Summ           Unusable     N/A         2    N/A
 Call Canine Familiar     Summ           Unusable     N/A         3    N/A
 Summon Guardian Golem    Hex/Summ       Unusable     N/A         3    N/A
 Summon Ice Beast         Ice/Summ       Unusable     N/A         4    N/A
 Summon Lightning Spire   Summ/Air       Unusable     N/A         4    N/A
 Statue Form              Tmut/Erth      Unusable     N/A         6    N/A

Dungeon Overview and Level Annotations

Branches:
Dungeon (13/15)            Temple (1/1) D:4            Lair (5/6) D:8
  Swamp (0/4) Lair:2        Slime (0/5) Lair:5          Orc (0/2) D:12
  Snake: Lair:2-4    Spider: Lair:2-4    Vaults: D:13-14

Altars:
Ashenzari
Cheibriados
Dithmenos
Elyvilon
Fedhas
Gozag
Hepliaklqana
Kikubaaqudgha
Makhleb
Nemelex Xobeh
Okawaru
Qazlal
Ru
Sif Muna
Trog
Uskayaw
Vehumet
Wu Jian
Xom
Yredelemnul
Zin
The Shining One

Shops:
D:12 *:*

Annotations:
D:2 exclusion: downstairs
D:3 3 runed doors, exclusions: 3 doors and downstairs, buskinjo's ghost, amateur KoSu
D:5 exclusion: downstairs
D:8 exclusion: electric eel
D:11 1 runed door, exclusions: door and downstairs
D:13 Azrael
Lair:1 exclusion: downstairs
Lair:2 exclusion: downstairs
Lair:3 1 exclusion
Lair:4 exclusion: downstairs
Lair:5 !eye killer


Innate Abilities, Weirdness & Mutations

Your body is rotting away.
You thrive on raw meat.
You are immune to poison.
You have sharp fingernails.
You are carnivorous and can eat meat at any time.
Your flesh is cold resistant. (rC+)
You are dopey. (Int -2)
You are immune to negative energy. (rN+++)
You do not regenerate when monsters are visible.
You are immune to unholy pain and torment.
You can survive without breathing.
You are hated by all.
You cannot train Dodging skill.
You are somewhat unskilled. (-1 Apt)
You are somewhat inexperienced. (-2 XL)


Message History

You reveal the great annihilating truth to your foes!
Azrael slows down under the weight of truth!
You feel drained.
You hear a bellow!
You hear a shout! x2; You hear a croak. x2
Azrael begins to attack, but is stunned by your will!
Things that are here:
a hell hound corpse x2
You claw Azrael!
Azrael is almost dead.
Azrael gestures at you. The bolt of fire hits you! You resist.
You claw Azrael!
Azrael is almost dead.
You barely miss Azrael.
Azrael is almost dead.
You scratch Azrael.
Azrael is almost dead.
Azrael gestures at you.
The sphere of damnation explodes!
The damnation engulfs you!
You die...

####### ##......##
##........##
#..........#
#..........#
#..........#
#..######..........#
#...R@............#
#.....###......((..#
......§####...)....##
.....§..##..........#
........##..........#
...Zh...##..........#
......hQ##..........#
........##.(.<(.....#
.......<###(()......#


You could see Azrael.

Vanquished Creatures
  Josephine (D:13)
  A catoblepas (Lair:4)
  4 hydras
  Harold (D:9)
  5 death yaks
  A centaur warrior (D:12)
  4 two-headed ogres
  Urug (D:10)
  An unseen horror (D:13)
  Pikel (D:9)
  A cyclops (D:12)
  3 ugly things
  Psyche (D:8)
  2 ice statues (IceCv)
  3 black mambas (Lair:2)
  6 spiny frogs
  A torpor snail (Lair:2)
  A gargoyle (D:10)
  A kobold demonologist (D:13)
  4 rime drakes
  4 komodo dragons
  11 ice devils (IceCv)
  3 meliai (D:13)
  2 trolls
  5 hippogriffs
  7 slime creatures
  4 blink frogs (Lair:3)
  14 yaks
  6 wraiths
  3 wyverns
  3 fire elementals
  2 basilisks
  A hungry ghost (D:9)
  3 wargs (D:8)
  Edmund (D:4)
  A soldier ant (D:11)
  8 porcupines
  3 hell hounds (D:13)
  9 orc warriors
  17 water moccasins
  An eye of draining (Lair:5)
  5 ice beasts
  3 sky beasts
  A necrophage (D:5)
  6 ogres
  3 phantoms
  4 wolves (Lair:3)
  4 centaurs
  4 crocodiles (Lair:2)
  8 big kobolds
  Blork the orc (D:4)
  8 bullfrogs
  A wyvern zombie (D:6)
  4 scorpions
  A water moccasin skeleton (D:7)
  8 howler monkeys
  16 killer bees
  5 wights (D:7)
  3 electric eels (Lair:5)
  4 jellies
  3 crimson imps
  3 centaur zombies
  8 hounds
  3 bullfrog zombies
  8 orc priests
  4 centaur skeletons
  3 iguanas
  13 worker ants
  7 orc wizards
  A killer bee zombie (D:6)
  A hound zombie (D:6)
  6 gnolls
  12 adders
  A shadow imp (D:5)
  9 white imps (IceCv)
  6 ufetubi (IceCv)
  2 oozes
  2 adder skeletons
  3 worms
  2 dart slugs
  3 leopard geckos
  50 orcs
  9 giant cockroaches
  11 goblins
  9 hobgoblins
  14 jackals
  7 quokkas
  3 ball pythons
  8 bats
  5 frilled lizards
  A goblin skeleton (D:6)
  A goblin zombie (D:6)
  4 hobgoblin zombies (D:6)
  54 kobolds
  A leopard gecko skeleton (D:4)
  2 orc skeletons (D:6)
  A quokka skeleton (D:9)
  10 rats
  A butterfly (D:11)
531 creatures vanquished.

Vanquished Creatures (others)
  A reaper (IceCv)
  A centaur zombie (D:12)
  A soldier ant (D:12)
  2 slaves (D:9)
  3 white imps (IceCv)
  An ufetubus (IceCv)
  4 orcs (D:9)
  3 fungi
  5 plants
21 creatures vanquished.

Grand Total: 552 creatures vanquished

Notes
Turn   | Place    | Note
-------+----------+-------------------------------------------
     0 | D:1      | nightchill the Ghoul Warper began the quest for the Orb.
     0 | D:1      | Reached XP level 1. HP: 17/17 MP: 2/2
   327 | D:1      | Reached XP level 2. HP: 25/25 MP: 3/3
   400 | D:1      | Reached skill level 3 in Unarmed Combat
   781 | D:1      | Reached XP level 3. HP: 30/30 MP: 4/4
  1466 | D:2      | Learned a level 2 spell: Blink
  1576 | D:2      | Found an ornate altar of the Wu Jian Council.
  1887 | D:2      | Reached skill level 4 in Unarmed Combat
  1887 | D:2      | Reached XP level 4. HP: 36/37 MP: 5/5
  2012 | D:2      | Reached XP level 5. HP: 19/45 MP: 6/6
  2707 | D:3      | Found a runed gate.
  2707 | D:3      | Found a runed gate.
  2707 | D:3      | Found a runed gate.
  2708 | D:3      | Noticed buskinjo's ghost (amateur KoSu)
  2709 | D:3      | Noticed a big kobold
  2807 | D:3      | Reached skill level 5 in Unarmed Combat
  3470 | D:3      | Noticed a big kobold
  3505 | D:3      | Killed a big kobold
  3505 | D:3      | Reached XP level 6. HP: 50/52 MP: 7/7
  3832 | D:2      | Reached skill level 6 in Unarmed Combat
  4176 | D:3      | Reached XP level 7. HP: 48/60 MP: 8/8
  4190 | D:3      | Reached skill level 5 in Fighting
  4208 | D:3      | Reached skill level 7 in Unarmed Combat
  4602 | D:4      | Found a staircase to the Ecumenical Temple.
  4610 | Temple   | Entered the Ecumenical Temple
  4790 | Temple   | Became a worshipper of Ru the Awakened
  5163 | D:3      | Reached skill level 8 in Unarmed Combat
  5302 | D:4      | Noticed Edmund
  5953 | D:4      | Reached XP level 8. HP: 69/69 MP: 9/9
  5971 | D:4      | Found a burning altar of Makhleb.
  5971 | D:4      | Found a hazy altar of Hepliaklqana.
  5997 | D:4      | Noticed Blork the orc
  6013 | D:4      | Killed Blork the orc
  6193 | D:4      | Killed Edmund
  6496 | D:5      | Entered Level 5 of the Dungeon
  6579 | D:5      | Reached skill level 9 in Unarmed Combat
  6975 | D:5      | Gained mutation: You cannot train Dodging skill. [Ru
                  | sacrifice]
  6975 | D:5      | Reached * piety under Ru
  7649 | D:6      | Reached skill level 10 in Unarmed Combat
  7649 | D:6      | Reached XP level 9. HP: 71/79 MP: 10/10
  8081 | D:6      | Found a shattered altar of Ashenzari.
  8082 | D:6      | Noticed a troll
  8540 | D:6      | Killed a troll
  8739 | D:6      | Found a glowing golden altar of the Shining One.
  8759 | D:6      | Reached skill level 11 in Unarmed Combat
  9183 | D:7      | Learned a level 4 spell: Passage of Golubria
  9434 | D:7      | Reached skill level 12 in Unarmed Combat
  9983 | D:7      | Reached XP level 10. HP: 91/91 MP: 11/11
  9995 | D:8      | Reached skill level 1 in Armour
 10219 | D:8      | Found a shadowy altar of Dithmenos.
 10660 | D:8      | Found a staircase to the Lair.
 10936 | D:8      | Noticed Psyche
 10951 | D:8      | Killed Psyche
 11320 | D:9      | Identified the Volume of the Rocks and Sinister Arts
 11427 | D:9      | Reached skill level 13 in Unarmed Combat
 11526 | D:9      | Noticed Harold
 11544 | D:9      | Killed Harold
 11544 | D:9      | Reached skill level 10 in Fighting
 11958 | D:9      | Noticed Pikel
 11978 | D:9      | Reached XP level 11. HP: 83/100 MP: 12/12
 12230 | D:9      | Killed Pikel
 12680 | D:10     | Entered Level 10 of the Dungeon
 12698 | D:10     | Reached skill level 14 in Unarmed Combat
 12885 | D:10     | Learned a level 1 spell: Apportation
 13682 | D:10     | Noticed Urug
 13703 | D:10     | Killed Urug
 13703 | D:10     | Reached skill level 5 in Armour
 13978 | Lair:1   | Entered Level 1 of the Lair of Beasts
 14067 | Lair:1   | Noticed a six-headed hydra
 14088 | Lair:1   | Killed a six-headed hydra
 14088 | Lair:1   | Reached skill level 1 in Evocations
 15343 | Lair:2   | Noticed a death yak
 15363 | Lair:2   | Found a staircase to the Swamp.
 15508 | Lair:2   | Reached skill level 15 in Unarmed Combat
 15809 | Lair:2   | Reached XP level 12. HP: 91/110 MP: 13/13
 16077 | Lair:2   | Killed a death yak
 16475 | Lair:2   | Gained mutation: You are dopey. (Int -2) [Ru sacrifice]
 16475 | Lair:2   | Reached ** piety under Ru
 16526 | Lair:2   | Found the +8 whip "Snakebite" {curare, rPois}
 16814 | Lair:3   | Noticed a four-headed hydra
 16853 | Lair:2   | Killed a four-headed hydra
 17046 | Lair:3   | Noticed a death yak
 17201 | Lair:2   | Killed a death yak
 17715 | Lair:3   | Noticed a death yak
 17716 | Lair:3   | Noticed a death yak
 17716 | Lair:3   | Noticed a death yak
 17809 | Lair:3   | Reached skill level 16 in Unarmed Combat
 18504 | Lair:3   | Reached skill level 5 in Evocations
 18777 | Lair:2   | Killed a death yak
 18956 | Lair:2   | Killed a death yak
 19039 | Lair:3   | Killed a death yak
 19235 | Lair:4   | Noticed a five-headed hydra
 19245 | Lair:3   | Killed a five-headed hydra
 19337 | Lair:4   | Found a frozen archway.
 19346 | Lair:4   | Reached XP level 13. HP: 100/119 MP: 15/15
 19388 | IceCv    | Entered an ice cave
 19672 | IceCv    | Killed a reaper
 19799 | IceCv    | Reached skill level 17 in Unarmed Combat
 20069 | IceCv    | Gained mutation: You are somewhat inexperienced. (-2 XL)
                  | [Ru sacrifice]
 20069 | IceCv    | Reached XP level 12. HP: 111/111 MP: 14/14
 20069 | IceCv    | Reached XP level 11. HP: 104/104 MP: 13/13
 20069 | IceCv    | Reached *** piety under Ru
 20069 | IceCv    | Reached **** piety under Ru
 20351 | IceCv    | Reached skill level 1 in Shields
 21331 | Lair:4   | Noticed a catoblepas
 21344 | Lair:4   | Killed a catoblepas
 22370 | Lair:5   | Found a staircase to the Slime Pits.
 22636 | Lair:5   | Reached XP level 12. HP: 105/113 MP: 14/14
 22996 | D:11     | Noticed a two-headed ogre
 23016 | D:11     | Killed a two-headed ogre
 23127 | D:11     | Gained mutation: You are somewhat unskilled. (-1 Apt) [Ru
                  | sacrifice]
 23127 | D:11     | Reduced skill Unarmed Combat to level 16
 23127 | D:11     | Reached ***** piety under Ru
 23133 | D:11     | You are sucked into a shaft!
 23133 | D:12     | Found Qonutops's Book Shop.
 23154 | D:12     | Found Piycs's General Store.
 23211 | D:12     | Bought a +2 pair of boots of running for 581 gold pieces
 24052 | D:11     | Found a runed door.
 24065 | D:11     | Found a runed door.
 24084 | D:11     | Noticed a two-headed ogre
 24097 | D:11     | Killed a two-headed ogre
 24505 | D:12     | Found Eloleniu's Assorted Antiques.
 24505 | D:12     | Noticed a six-headed hydra
 24507 | D:12     | Noticed a two-headed ogre
 24577 | D:12     | Killed a two-headed ogre
 24808 | D:12     | Killed a six-headed hydra
 24808 | D:12     | Reached skill level 5 in Evocations
 24887 | D:12     | Found a staircase to the Orcish Mines.
 24913 | D:12     | Bought 2 lumpy purple potions for 63 gold pieces
 25414 | D:12     | Gained mutation: You are hated by all. [Ru sacrifice]
 25414 | D:12     | Reached ****** piety under Ru
 25416 | D:13     | Noticed a tengu warrior
 25655 | D:13     | Noticed a centaur warrior
 25938 | D:12     | Killed a centaur warrior
 26070 | D:13     | Noticed a two-headed ogre
 26082 | D:13     | Killed a two-headed ogre
 26082 | D:13     | Reached XP level 13. HP: 59/119 MP: 15/15
 26533 | D:13     | Noticed Josephine
 26547 | D:13     | Killed Josephine
 27000 | D:13     | Reached skill level 17 in Unarmed Combat
 27041 | D:13     | Noticed Azrael
 27055 | D:13     | Reached skill level 5 in Shields
 27067 | D:13     | Killed from afar by Azrael

Skill      XL: |  1  2  3  4  5  6  7  8  9 10 11 12 13 |
---------------+----------------------------------------+-----
Unarmed Combat | 3 4 5 6 8 10 12 13 15 16 17 | 17.0
Fighting       | 3 4 5 7 9 10 13 12 13 | 13.1
Dodging        | 0 |  0.0
Armour         | 4 5 4 |  4.5
Evocations     | 3 5 |  5.0
Shields        | 2 4 5 |  5.0
Throwing       | |  0.7
Spellcasting   | |  1.5
Translocations | |  2.4

Action                   |  1- 3 |  4- 6 |  7- 9 | 10-12 | 13-15 || total
-------------------------+-------+-------+-------+-------+-------++-------
Melee: Unarmed           |   181 |   230 |   557 |  1130 |   224 ||  2322
       Punch             |     1 |     3 |    17 |    37 |     3 ||    61
 Fire: Blowgun           |       |       |    11 |     7 |       ||    18
 Cast: Blink             |       |       |     1 |       |       ||     1
Invok: Sacrifice Nimblen |       |       |     1 |       |       ||     1
       Reject Sacrifices |       |       |       |     1 |       ||     1
       Power Leap        |       |       |       |     1 |       ||     1
       Sacrifice Experie |       |       |       |     1 |       ||     1
       Apocalypse        |       |       |       |     1 |     1 ||     2
       Sacrifice Purity  |       |       |       |     1 |       ||     1
       Sacrifice Love    |       |       |       |     1 |       ||     1
       Sacrifice Skill   |       |       |       |     1 |       ||     1
Evoke: Wand              |       |       |       |    23 |       ||    23
       Lightning rod     |       |       |       |     4 |       ||     4
  Use: Scroll            |       |     1 |    14 |    20 |       ||    35
       Potion            |       |       |     2 |     8 |     1 ||    11
 Stab: Invisible         |       |       |       |     8 |     1 ||     9
       Distracted        |       |       |       |     3 |     1 ||     4
       Paralysed         |       |       |       |     3 |     3 ||     6
  Eat: Chunk             |    15 |    19 |    54 |   131 |    13 ||   232
       Ration            |       |       |       |       |     1 ||     1
Armor: Leather armour    |    62 |    12 |       |       |       ||    74
       Chain mail        |       |   142 |   119 |   340 |   100 ||   701
       Scale mail        |       |       |   162 |    86 |       ||   248
Dodge: Dodged            |    91 |    82 |   225 |   250 |    52 ||   700
Block: Buckler           |       |       |       |    41 |    14 ||    55
